 Dungeon Crawl Stone Soup version 0.26-a0-201-gb271ac0e06 (console) character file.

Game seed: 12739999883025676790

2616 bli the Martial Artist (level 9, -3/68 HPs)
             Began as a Green Draconian Transmuter on July 4, 2020.
             Was an Initiate of Cheibriados.
             Slain by an orc warrior
             ... wielding a +0 trident
              (10 damage)
             ... on level 7 of the Dungeon on July 5, 2020.
             The game lasted 00:29:51 (9487 turns).

bli the Martial Artist (Green Draconian Transmuter) Turns: 9487, Time: 00:29:51

Health: -3/68      AC:  9    Str: 13    XL:     9   Next: 34%
Magic:  13/18      EV: 14    Int: 16    God:    Cheibriados [......]
Gold:   433        SH:  0    Dex: 15    Spells: 9/20 levels left

rFire    . . .     SeeInvis .     - Unarmed
rCold    + . .     Faith    .   (no shield)
rNeg     . . .     Spirit   .   (armour unavailable)
rPois    +         Reflect  .   (helmet restricted)
rElec    .         Harm     .   E - scarf {+Inv}
rCorr    .                      m - +1 pair of gloves
MR       .....                  (boots currently unavailable)
Stlth    ++........             (no amulet)
HPRegen  0.21/turn              I - ring of protection from cold
MPRegen  0.16/turn              (no ring)

@: appendage (expiring), flying, very slightly contaminated, studying Earth
Magic, very slow
A: breathe noxious fumes, unfitting armour, horns 1, talons 3, poison
resistance, cold-blooded, AC +7
a: Breathe Noxious Fumes, End Transformation, Bend Time, Renounce Religion,
Evoke Invisibility


You were on level 7 of the Dungeon.
You worshipped Cheibriados.
Cheibriados was noncommittal.
You were not hungry.
You had grown temporary talons.
You visited 2 branches of the dungeon, and saw 8 of its levels.

You collected 433 gold pieces.

Inventory:

Hand Weapons
 v - a +0 hunting sling
 D - a +1 halberd of venom
 K - a +4 falchion
 N - a +1 vampiric dagger
 O - a +3 long sword of freezing
 Q - a +2 hand axe of electrocution
 R - a +2 vampiric falchion
Missiles
 a - 107 arrows
 b - 12 atropa-tipped darts (quivered)
 i - 199 stones
 l - 22 poisoned darts
 w - 6 boomerangs
 A - 39 sling bullets
 C - a throwing net
Armour
 m - a +1 pair of gloves (worn)
 E - a scarf of invisibility (worn)
Jewellery
 I - a ring of protection from cold (left hand)
 T - a +6 ring of dexterity
Wands
 o - a wand of flame (11)
 p - a wand of disintegration (9)
 G - a wand of clouds (7)
Scrolls
 d - 2 scrolls of fear {unknown}
 e - 5 scrolls of teleportation {unknown}
 g - 5 scrolls of remove curse
 j - 2 scrolls of amnesia {unknown}
 k - 3 scrolls of fog {unknown}
 n - 2 scrolls of immolation {unknown}
 s - a scroll of identify
 z - 2 scrolls of magic mapping {unknown}
 B - a scroll of enchant weapon
 J - a scroll of random uselessness
 L - a scroll of blinking
 M - a scroll of vulnerability
 P - a scroll of holy word {unknown}
Potions
 f - 6 potions of curing {unknown}
 h - a potion of mutation
 q - 3 potions of flight
 r - a potion of might
 t - 3 potions of degeneration {unknown}
 u - 3 potions of brilliance {unknown}
 x - 2 potions of haste
 F - 2 potions of stabbing
 S - a potion of magic {unknown}
Books
 H - a manual of Earth Magic
Comestibles
 c - 8 rations


   Skills:
 + Level 2.6 Fighting
 + Level 3.7 Dodging
 + Level 2.1 Stealth
 + Level 8.6 Unarmed Combat
 * Level 6.2 Spellcasting
 * Level 5.7 Transmutations
 + Level 1.1 Poison Magic


You had 9 spell levels left.
You knew the following spells:

 Your Spells              Type           Power        Failure   Level  Hunger
a - Beastly Appendage     Tmut           ###...       1%          1    None
b - Sticks to Snakes      Tmut           ###.....     1%          2    #......
B - Blade Hands           Tmut           ###.......   34%         5    ######.
S - Spider Form           Tmut/Pois      ###.......   10%         3    ##.....

Your spell library contained the following spells:

 Spells                   Type           Power        Failure   Level  Hunger
 Foxfire                  Conj/Fire      #...         14%         1    None
 Shock                    Conj/Air       #...         14%         1    None
 Summon Small Mammal      Summ           #...         14%         1    None
 Call Imp                 Summ           #.......     21%         2    #......
 Swiftness                Chrm/Air       #.......     21%         2    #......
 Call Canine Familiar     Summ           #.......     38%         3    ##.....
 Conjure Flame            Conj/Fire      #.......     38%         3    ##.....
 Inner Flame              Hex/Fire       #.......     38%         3    ##.....
 Static Discharge         Conj/Air       #.......     38%         3    ##.....
 Summon Guardian Golem    Hex/Summ       #.......     38%         3    ##.....
 Ice Form                 Ice/Tmut       ##......     38%         4    ####...
 Airstrike                Air            #.........   80%         4    ####...
 Sticky Flame             Conj/Fire      #.......     80%         4    ####...
 Summon Ice Beast         Ice/Summ       #.......     80%         4    ####...
 Summon Lightning Spire   Summ/Air       #.......     80%         4    ####...
 Fireball                 Conj/Fire      #.........   98%         5    ######.
 Lightning Bolt           Conj/Air       #.........   98%         5    ######.


Dungeon Overview and Level Annotations

Branches:
Dungeon (7/15)             Temple (1/1) D:7

Altars:
Cheibriados
Dithmenos
Elyvilon
Fedhas
Gozag
Hepliaklqana
Kikubaaqudgha
Makhleb
Nemelex Xobeh
Okawaru
Qazlal
Ru
Sif Muna
Trog
Uskayaw
Vehumet
Wu Jian
Xom
Yredelemnul
Zin
The Shining One

Annotations:
D:5 2 transporters, Scuka's ghost, novice KoBe


Innate Abilities, Weirdness & Mutations

You can breathe blasts of noxious fumes.
Your lurid green scales are hard. (AC +7)
You cannot fit into any form of body armour.
Your system is resistant to poisons. (rPois)
You are cold-blooded and may be slowed by cold attacks.
You have a pair of small horns on your head.
You have claws for feet.


Message History

A puff of flame appears from out of thin air!
The puff of flame hits you! The orc warrior misses you.
Your adder barely misses something. x2
Your adder barely misses something.
Something hits your adder!
The orc hits your adder with a +0 trident!
Your adder dies!
You miss something. You claw something. You tail-slap something.
Your adder closely misses something.
Something hits you.
You are electrocuted!!
You hit something. You claw something. Your headbutt misses something.
Your adder closely misses something.
You hear some strange, mumbled words.
A magic dart appears from out of thin air!
The magic dart hits you!
* * * LOW HITPOINT WARNING * * *
The orc warrior hits you from afar with a +0 trident!
* * * LOW HITPOINT WARNING * * *
It was a potion of flight.
You feel very buoyant.
You fly up into the air.
Your adder completely misses something.
Something barely misses you.
Your adder bites something.
The orc warrior hits you from afar with a +0 trident!
You die...

##### #############
#...#### #...........#
#.#....###
#.#########.####...##....
#.#....................##
#.#)#######.#####.####.#
#.#.# #.# #.# #.# #.#.#
#.# ##.## #.# #.#.# #.#
##.#.###.##
#.#.#######.###)###>.....
#.....S{@......## ##.#.##
###.##o########.###.##.#
#..o.).# ##<#.###.#
####.#.# ##..# #.# #.#.#
##.# #.# #.#.# #.# #.#
#...# #.. ..# ##..#
####..# #..# #..# #...


You could see an orc warrior, an orc and a friendly adder.

Vanquished Creatures
  A hippogriff (D:7)
  Menkaure (D:7)
  An orc warrior (D:7)
  2 phantoms
  An ogre (D:5)
  2 centaurs
  3 scorpions
  4 killer bees (D:7)
  A howler monkey (D:5)
  4 wights (D:7)
  2 centaur zombies
  3 hounds
  2 orc wizards (D:6)
  3 bullfrog skeletons
  A centaur skeleton (D:5)
  An orc priest (D:4)
  3 iguanas
  2 worker ants
  A killer bee zombie (D:6)
  A hound skeleton (D:7)
  2 gnolls (D:4)
  4 adders
  2 ufetubi
  2 oozes (D:5)
  7 worms
  5 leopard geckos
  25 orcs
  11 bats
  3 giant cockroaches
  3 goblins (D:3)
  11 hobgoblins
  10 jackals
  6 kobolds
  4 quokkas
  A ball python zombie (D:5)
  9 frilled lizards
  9 rats
153 creatures vanquished.

Vanquished Creatures (collateral kills)
  A troll (D:5)
  Sigmund (D:3)
  An orc warrior (D:6)
  An ogre (D:4)
  A killer bee (D:7)
  A wight (D:7)
  A jelly (D:6)
  An orc priest (D:7)
  2 gnolls (D:4)
  4 orcs
  A giant cockroach (D:3)
15 creatures vanquished.

Vanquished Creatures (others)
  An orc wizard (D:6)
1 creature vanquished.

Grand Total: 169 creatures vanquished

Notes
Turn   | Place    | Note
-------+----------+-------------------------------------------
     0 | D:1      | bli the Draconian Transmuter began the quest for the Orb.
     0 | D:1      | Reached XP level 1. HP: 16/16 MP: 3/3
   139 | D:1      | Reached XP level 2. HP: 18/23 MP: 3/5
   921 | D:1      | Reached skill level 4 in Unarmed Combat
   965 | D:1      | Reached XP level 3. HP: 23/28 MP: 4/6
   970 | D:1      | Learned a level 2 spell: Sticks to Snakes
  1778 | D:2      | Reached XP level 4. HP: 36/36 MP: 7/7
  1998 | D:3      | Reached skill level 5 in Unarmed Combat
  2396 | D:3      | Noticed Sigmund
  2433 | D:3      | Killed Sigmund
  2433 | D:3      | Reached skill level 6 in Unarmed Combat
  2433 | D:3      | Reached XP level 5. HP: 30/41 MP: 5/8
  2844 | D:3      | Noticed a phantom
  2927 | D:3      | Killed a phantom
  2927 | D:3      | Reached XP level 6. HP: 16/48 MP: 5/10
  3323 | D:4      | HP: 1/48 [orc priest/divine providence (15)]
  3334 | D:5      | Entered Level 5 of the Dungeon
  3639 | D:5      | Your scales start taking on a lurid green colour.
  3639 | D:5      | Reached XP level 7. HP: 22/55 MP: 3/12
  3639 | D:5      | Gained mutation: Your system is resistant to poisons.
                  | (rPois) [Green Draconian growth]
  3837 | D:5      | Learned a level 5 spell: Blade Hands
  5275 | D:5      | Reached skill level 7 in Unarmed Combat
  5382 | D:5      | Found a transporter.
  5395 | D:5      | Learned a level 3 spell: Spider Form
  5404 | D:5      | Found a transporter.
  5404 | D:5      | Noticed Scuka's ghost (novice KoBe)
  5511 | D:5      | Noticed a troll
  5881 | D:5      | Reached XP level 8. HP: 42/62 MP: 3/14
  6678 | D:5      | Killed a troll
  6678 | D:5      | Reached skill level 5 in Spellcasting
  6879 | D:6      | Reached skill level 1 in Stealth
  7273 | D:6      | Reached skill level 5 in Transmutations
  7935 | D:6      | Gained mutation: You have a pair of large horns on your
                  | head. [potion of mutation]
  8040 | D:7      | Noticed Menkaure
  8047 | D:7      | Killed Menkaure
  8047 | D:7      | Reached skill level 8 in Unarmed Combat
  8122 | D:7      | Reached skill level 1 in Poison Magic
  8185 | D:7      | Reached XP level 9. HP: 61/68 MP: 17/17
  8851 | D:7      | Found a staircase to the Ecumenical Temple.
  8855 | Temple   | Entered the Ecumenical Temple
  9248 | Temple   | Became a worshipper of Cheibriados the Contemplative
  9249 | Temple   | Upgraded the game from 0.26-a0-190-g75a3d40d47 to
                  | 0.26-a0-201-gb271ac0e06
  9487 | D:7      | Slain by an orc warrior

Illustrated notes

Levels and vault maps discovered:
D:1:      wander_arrival_chamber, layout_basic, chequers_big_river
D:2:      layout_rooms
D:3:      layout_rooms, first_ration, lemuel_flame_loot_1, uniq_sigmund
D:4:      layout_basic
D:5:      layout_loops_ring, gammafunk_ghost_mausoleum, grunt_decor_one_mirror,
          minmay_manual_mess
D:6:      layout_basic
D:7:      layout_loops_ring, minmay_temple_entry_proselytizer, grunt_decor_cap,
          uniq_menkaure
Temple:   compressed_dpeg_triangle_lava_temple

Skill      XL: |  1  2  3  4  5  6  7  8  9 |
---------------+----------------------------+-----
Unarmed Combat | 4 6 7 8 |  8.6
Fighting       | 2 |  2.6
Dodging        | 2 3 |  3.7
Spellcasting   | 3 4 5 6 |  6.2
Transmutations | 3 5 |  5.7
Stealth        | 1 2 |  2.1
Poison Magic   | 1 |  1.1

Action                   |  1- 3 |  4- 6 |  7- 9 || total
-------------------------+-------+-------+-------++-------
Melee: Unarmed           |   131 |   146 |   330 ||   607
       Headbutt          |     4 |     8 |    29 ||    41
       Tailslap          |     9 |    18 |    33 ||    60
       Kick              |     7 |     5 |    37 ||    49
       Punch             |     1 |       |     8 ||     9
Throw: Dart              |     1 |       |     5 ||     6
 Cast: Beastly Appendage |    19 |    17 |    36 ||    72
       Sticks to Snakes  |       |    10 |    40 ||    50
       Spider Form       |       |       |     3 ||     3
 Abil: Breathe Noxious F |       |       |     1 ||     1
  Use: Scroll            |       |       |    10 ||    10
       Potion            |       |       |     2 ||     2
 Stab: Sleeping          |     2 |       |     4 ||     6
       Distracted        |       |       |     2 ||     2
  Eat: Chunk             |     3 |     5 |    16 ||    24
       Ration            |       |     1 |     1 ||     2
Armor: Skin              |    50 |    54 |    66 ||   170
Dodge: Dodged            |    71 |    85 |   241 ||   397

Table legend:
 A = Non-vault XP
 B = Vault XP
 C = Vault XP percentage of total XP
 D = Non-vault monster count
 E = Vault monster count
 F = Vault count percentage of total count
                 A         B        C        D         E       F
            +---------+---------+-------+---------+---------+-------
      Total |    2873 |     865 |  23.1 |     160 |       9 |   5.3
            +---------+---------+-------+---------+---------+-------
        D:1 |      43 |       0 |   0.0 |      29 |       0 |   0.0
        D:2 |      74 |       0 |   0.0 |      20 |       0 |   0.0
        D:3 |     177 |     193 |  52.2 |      26 |       1 |   3.7
        D:4 |     519 |       0 |   0.0 |      21 |       0 |   0.0
        D:5 |     431 |     477 |  52.5 |      15 |       6 |  28.6
        D:6 |     565 |       0 |   0.0 |      23 |       0 |   0.0
        D:7 |    1064 |     195 |  15.5 |      26 |       2 |   7.1
            +---------+---------+-------+---------+---------+-------
